 Dungeon Crawl Stone Soup version 0.20.0-15-g7f486f2 (webtiles) character file.

116 Kriby the Chopper (level 5, -8/47 HPs)
             Began as a Hill Orc Fighter on June 10, 2017.
             Mangled by Sigmund
             ... wielding a +0 scythe
              (9 damage)
             ... on level 3 of the Dungeon.
             The game lasted 00:01:56 (1736 turns).

Kriby the Chopper (Hill Orc Fighter)                Turns: 1736, Time: 00:01:56

Health: -8/47      AC:  8    Str: 25    XL:     5   Next: 0%
Magic:  5/5        EV: 12    Int:  8    God:
Gold:   58         SH: 10    Dex: 15    Spells: 4/4 levels left

rFire    . . .     SeeInvis .   a - +0 war axe
rCold    . . .     Gourm    .   c - +0 shield
rNeg     . . .     Faith    .   b - +0 scale mail
rPois    +         Spirit   .   (no helmet)
rElec    .         Reflect  .   (no cloak)
rCorr    .         Harm     .   (no gloves)
MR       .....                  (no boots)
Stlth    +.........             (no amulet)
Regen    0.2/turn               (no ring)
MPRegen  0.1/turn               (no ring)

@: mighty, agile
A: slimy green scales 1, sense surroundings 1, poison resistance
a: no special abilities


You were on level 3 of the Dungeon.
You were not hungry.

You visited 1 branch of the dungeon, and saw 3 of its levels.

You collected 58 gold pieces.

Inventory:

Hand Weapons
 a - a +0 war axe (weapon)
Armour
 b - a +0 scale mail (worn)
 c - a +0 shield (worn)
Jewellery
 m - an uncursed ring of resist corrosion {unknown}
Wands
 l - a wand of polymorph (7/24)
 n - a wand of acid (3/15)
Scrolls
 e - 4 scrolls of recharging {unknown}
 i - a scroll of remove curse {unknown}
 k - 3 scrolls of identify {unknown}
 o - a scroll of blinking {unknown}
 q - a scroll of amnesia {unknown}
Comestibles
 f - a bread ration
 g - 8 chunks of flesh
 h - 2 meat rations


   Skills:
 + Level 4.6 Fighting
 * Level 5.7 Axes
 - Level 3.2 Armour
 - Level 3.2 Shields


You had 4 spell levels left.
You didn't know any spells.

Dungeon Overview and Level Annotations

Branches:
Dungeon (3/15)

Altars:
Nemelex Xobeh

Annotations:
D:2 1 runed door
D:3 Sigmund


Innate Abilities, Weirdness & Mutations

You are partially covered in slimy green scales. (AC +2)
You passively map a small area around you.
Your system is resistant to poisons. (rPois)


Message History

You miss something.
You hear some strange, mumbled words.
Something tries to affect you, but you resist.
You closely miss something. Something hits you.
* * * LOW HITPOINT WARNING * * *
It was a potion of mutation.
You feel extremely strange.
Slimy green scales grow over part of your body.
You feel resistant to poisons.
You feel a strange attunement to the structure of the dungeons.
You feel less confused. Something hits you but does no damage.
You closely miss something.
You hear some strange, mumbled words.
A magic dart appears from out of thin air!
The magic dart hits you!
* * * LOW HITPOINT WARNING * * *
It was a potion of agility.
You feel agile all of a sudden. Something hits you!
You die...

, #....#.# , #.##.####
#....#.# #.......#
#....#.# , ,#.......#
###'##.# *#.......# #.##.#
, #......?# #.##.#
#.......# #.##.# #.......#
#.##.# #...@...# #.##.#
#..†{...# #.##.#
#.#'####### #.##.#
#######.#........ #.##.#
................. #.##.#
######.##############.##.#
#................##.#
###################.# #..


There were no monsters in sight!

Vanquished Creatures
  An adder (D:2)
  3 gnolls (D:3)
  2 adder zombies (D:2)
  A dart slug (D:2)
  2 leopard geckos
  2 orcs (D:3)
  2 ball pythons
  A giant cockroach (D:1)
  9 goblins
  4 hobgoblins
  10 jackals
  4 kobolds
  3 quokkas
  5 bats
  A frilled lizard (D:1)
  2 leopard gecko skeletons (D:2)
  A quokka skeleton (D:2)
  A quokka zombie (D:2)
  8 rats
62 creatures vanquished.

Notes
Turn   | Place    | Note
-------+----------+-------------------------------------------
     0 | D:1      | Kriby the Hill Orc Fighter began the quest for the Orb.
     0 | D:1      | Reached XP level 1. HP: 19/19 MP: 1/1
    16 | D:1      | Reached skill level 3 in Axes
   146 | D:1      | Reached XP level 2. HP: 12/27 MP: 2/2
   465 | D:1      | Reached skill level 4 in Axes
   522 | D:1      | Reached XP level 3. HP: 32/33 MP: 3/3
  1148 | D:2      | Reached XP level 4. HP: 39/40 MP: 4/4
  1210 | D:2      | Reached skill level 5 in Axes
  1263 | D:2      | Found a runed door.
  1285 | D:2      | You fall through a shaft!
  1434 | D:3      | Found a sparkling altar of Nemelex Xobeh.
  1711 | D:3      | Noticed Sigmund
  1722 | D:3      | Reached XP level 5. HP: 31/47 MP: 5/5
  1734 | D:3      | Gained mutation: You are partially covered in slimy green scales. (AC +2) [potion of mutation]
  1734 | D:3      | Gained mutation: Your system is resistant to poisons. (rPois) [potion of mutation]
  1734 | D:3      | Gained mutation: You passively map a small area around you. [potion of mutation]
  1735 | D:3      | HP: 1/47 [something/magic dart (7)]
  1736 | D:3      | Mangled by Sigmund

Skill      XL: |  1  2  3  4 |
---------------+-------------+-----
Axes           | 3 4 5 |  5.7
Fighting       | 4 |  4.6
Armour         | |  3.2
Shields        | |  3.2

Action                   |  1- 3 |  4- 6 || total
-------------------------+-------+-------++-------
Melee: War axe           |   132 |    71 ||   203
  Use: Potion            |       |     3 ||     3
  Eat: Chunk             |     1 |     2 ||     3
Armor: Scale mail        |    68 |    24 ||    92
Dodge: Dodged            |    61 |    18 ||    79
Block: Shield            |    62 |    28 ||    90
